 Dungeon Crawl Stone Soup version 0.27-a0-1230-gfc7c993222 (webtiles) character file.

Game seed: 16853282433605444296

440 Delamore the Cudgeller (level 7, -3/44 HPs)
             Began as a Gargoyle Fighter on June 8, 2021.
             Was an Initiate of Ashenzari.
             Slain by a wyvern (9 damage)
             ... on level 3 of the Dungeon.
             The game lasted 00:02:50 (3563 turns).

Delamore the Cudgeller (Gargoyle Fighter)           Turns: 3563, Time: 00:02:51

Health: -3/44      AC: 16    Str: 22    XL:     7   Next: 2%
Magic:  7/7        EV:  7    Int:  8    God:    Ashenzari [......]
Gold:   133        SH: 10    Dex:  9    Spells: 6/6 levels left

rFire    . . .     SeeInvis .   a - +0 flail
rCold    . . .     Faith    .   c - +1 kite shield
rNeg     + . .     Spirit   .   b - +0 scale mail
rPois    ∞         Reflect  .   p - +2 helmet
rElec    +         Harm     .   (no cloak)
rCorr    .         Rampage  .   h - +0 pair of gloves of Star-Bound Wisdom {Fort, Evo} (curse)
Will     .....                  (no boots)
Stlth    ..........             (no amulet)
HPRegen  0.14/turn              (no ring)
MPRegen  0.10/turn              (no ring)

@: no status effects
A: sickness immunity, AC +4, negative energy resistance 1, electricity
resistance, torment resistance 1, petrification resistance
a: Renounce Religion, Shatter the Chains


You were on level 3 of the Dungeon.
You worshipped Ashenzari.
Ashenzari was noncommittal.
You visited 1 branch of the dungeon, and saw 4 of its levels.

You collected 133 gold pieces.

Inventory:

Hand Weapons
 a - a +0 flail (weapon)
Armour
 b - a +0 scale mail (worn)
 c - a +1 kite shield (worn)
 h - the cursed +0 pair of gloves of Star-Bound Wisdom (worn) {Fort, Evo}
   (You found it on level 1 of the Dungeon)

   It has a curse which improves the following skills: Fortitude: Armour and
   Shields.
   Evocations: Evocations.
 p - a +2 helmet (worn)
Wands
 k - a wand of digging (6)
 l - a wand of charming (7)
Scrolls
 g - 2 scrolls of fog
 i - a scroll of magic mapping
 j - a scroll of noise
 m - a scroll of amnesia
 n - a scroll of enchant armour
 o - a scroll of immolation
Potions
 d - a potion of brilliance
 e - a potion of invisibility
 f - 2 potions of heal wounds
 q - a potion of flight


   Skills:
 - Level 5.0 Fighting
 * Level 6.4 Maces & Flails
 - Level 3.2(3.7) Armour
 - Level 3.2(3.7) Shields


You had 6 spell levels left.
You didn't know any spells.
Your spell library was empty.

Dungeon Overview and Level Annotations

Branches:
Dungeon (4/15)
 Temple: D:4-7

Altars:
Ashenzari


Innate Abilities, Weirdness & Mutations

You are immune to sickness and miasma.
Your stone body is resilient. (AC +4)
You are immune to poison.
You resist negative energy. (rN+)
You are resistant to electric shocks. (rElec)
You are resistant to unholy torment.
You are immune to petrification.


Message History

The wyvern barely misses you. The necrophage hits you.
The kobold hits you but does no damage.
An orc comes into view. It is wielding a +0 club.
You block the kobold's attack.
The wyvern bites you but does no damage.
The necrophage hits you. You block the kobold's attack.
You hit the necrophage.
You destroy the necrophage!
You block the wyvern's attack. The kobold hits you but does no damage.
The wyvern bites you. The kobold hits you with a +0 dagger.
The kobold barely misses you.
Your Maces & Flails skill increases to level 6!
You have reached level 7!
You block the wyvern's attack. The kobold barely misses you.
You block the kobold's attack.
You climb upwards.
There is a stone staircase leading down here.
You barely miss the kobold. The kobold hits you but does no damage.
Your scale mail prevents you from hitting the kobold.
The kobold closely misses you.
You hit the kobold.
The kobold is severely wounded.
The kobold hits you but does no damage. You block the kobold's attack.
You closely miss the kobold.
The kobold is severely wounded.
You block the kobold's attack.
You hit the kobold but do no damage.
The kobold is severely wounded.
You block the kobold's attack.
You hit the kobold.
You kill the kobold!
The wyvern closely misses you.
You closely miss the wyvern. You block the wyvern's attack.
The wyvern bites you.
You sock the wyvern!
The wyvern is moderately wounded.
The wyvern bites you!
* * * LOW HITPOINT WARNING * * *
The wyvern bites you!
You die...

### >.# ..#
..################
..'...........Kl@#
..#######.##...###
### #.........# #
#.........# #
###.........# #
#...........#
####..##....#.##
##..........#.#
##..........#.#


You could see a wyvern and a kobold.

Vanquished Creatures
  Sigmund (D:2)
  A necrophage (D:4)
  A howler monkey (D:3)
  Jessica (D:2)
  Robin (D:3)
  A gnoll (D:1)
  3 adders
  A worm (D:2)
  A dart slug (D:1)
  2 orcs (D:3)
  6 bats
  5 endoplasms
  4 giant cockroaches
  12 goblins
  10 hobgoblins
  6 jackals
  10 kobolds
  A quokka (D:2)
  3 ball pythons
  3 frilled lizards
  4 rats
77 creatures vanquished.

Vanquished Creatures (others)
  An endoplasm (D:4)
1 creature vanquished.

Grand Total: 78 creatures vanquished

Notes
Turn   | Place    | Note
-------+----------+-------------------------------------------
     0 | D:1      | Delamore the Gargoyle Fighter began the quest for the Orb.
     0 | D:1      | Reached XP level 1. HP: 14/14 MP: 1/1
    77 | D:1      | Reached XP level 2. HP: 9/19 MP: 2/2
   657 | D:1      | Reached skill level 3 in Maces & Flails
   657 | D:1      | Reached XP level 3. HP: 24/24 MP: 3/3
  1767 | D:2      | Noticed Sigmund
  2162 | D:2      | Killed Sigmund
  2163 | D:2      | Reached skill level 4 in Maces & Flails
  2163 | D:2      | Reached XP level 4. HP: 21/30 MP: 4/4
  2163 | D:2      | Reached XP level 5. HP: 24/34 MP: 5/5
  2312 | D:2      | Reached skill level 5 in Maces & Flails
  2383 | D:2      | Noticed Jessica
  2398 | D:2      | Killed Jessica
  2399 | D:2      | Reached XP level 6. HP: 28/40 MP: 6/6
  2519 | D:2      | Reached skill level 5 in Fighting
  3239 | D:3      | Found a faded altar of an unknown god.
  3310 | D:3      | Became a worshipper of Ashenzari the Shackled
  3368 | D:3      | Noticed Robin
  3388 | D:3      | Killed Robin
  3488 | D:4      | Noticed a necrophage
  3545 | D:4      | Noticed a wyvern
  3553 | D:4      | Killed a necrophage
  3554 | D:4      | Reached skill level 6 in Maces & Flails
  3554 | D:4      | Reached XP level 7. HP: 20/44 MP: 7/7
  3563 | D:3      | Slain by a wyvern

Illustrated notes

Levels and vault maps discovered:
D:1:      eino_arrival_cavern_a, layout_basic
D:2:      layout_basic, uniq_sigmund, uniq_jessica
D:3:      layout_basic, hellmonk_ecumenical_altar_lost_god, uniq_robin
D:4:      layout_basic, nicolae_kikubaaqudgha_miasma_corner, lemuel_tele_altar,
          nrook_loot_triangle, roderic_serpentine_path, hangedman_decor_opposing

Skill      XL: |  1  2  3  4  5  6 |
---------------+-------------------+-----
Maces & Flails | 3 4 5 6 |  6.4
Fighting       | 4 5 |  5.0
Armour         | |  3.2
Shields        | |  3.2

Action                   |  1- 3 |  4- 6 |  7- 9 || total
-------------------------+-------+-------+-------++-------
Melee: Flail             |   118 |   139 |     8 ||   265
Invok: Curse Item        |       |     1 |       ||     1
  Use: Potion            |     1 |       |       ||     1
       Scroll            |       |     4 |       ||     4
Armor: Scale mail        |    99 |    86 |     2 ||   187
Dodge: Dodged            |    54 |    47 |     3 ||   104
Block: Kite shield       |    68 |   100 |     6 ||   174

Table legend: (Time is in decaauts)
 A = Elapsed time spent in this place.
 B = Non-inter-level travel time spent in this place.
 C = Inter-level travel time spent in this place.
 D = Time resting spent in this place.
 E = Time spent auto-exploring this place.
 F = Levels seen in this place.
 G = Mean time per level.
                   A        B        C        D        E       F      G
               +--------+--------+--------+--------+--------+-----+--------+
         Total |   3673 |   3603 |     70 |    579 |   2379 |   4 |  918.2 |
       Dungeon |   3673 |   3603 |     70 |    579 |   2379 |   4 |  918.2 |
               +--------+--------+--------+--------+--------+-----+--------+

Top non-repeatable levels by time:
     D:1: 2121 daAuts
     D:2: 896 daAuts
     D:3: 620 daAuts
     D:4: 35 daAuts
